Match 21562368
Unlisted

Match 21562368
End
Royal Engineer Section
Construct Section Command Post
Infantry Section
Selects Indian Artillery Battlegroup
Infantry Section
Infantry Section
Construct Platoon Command Post
Selects Valour
Infantry Section
6-pounder Anti-tank Gun Team
Selects Gurkha Rifles Section
Humber Armored Car
Construct Field Infirmary
Selects Volunteer Infantry
Gurkha Rifles Section
Construct Company Command Post
Unlock M3 Grant Medium Tanks
Selects Towed ML 4.2-inch Heavy Mortar
Selects Off-map Airburst Barrage
Selects Perimeter Monitor
TidaL
NorthWestFresh
0
0

Comments sign in to comment!

No comments posted yet!